 Dungeon Crawl Stone Soup version 0.21-a0-525-ga34b322 (webtiles) character file.

40 Gerstahl the Magician (level 3, -4/27 HPs)
             Began as a Demonspawn Wanderer on Dec 7, 2017.
             Slain by Sigmund
             ... wielding a +0 scythe
              (7 damage)
             ... on level 2 of the Dungeon.
             The game lasted 00:02:24 (1006 turns).

Gerstahl the Magician (Demonspawn Wanderer)         Turns: 1006, Time: 00:02:25

Health: -4/27      AC:  8    Str: 17    XL:     3   Next: 30%
Magic:  6/6        EV:  9    Int: 12    God:
Gold:   29         SH:  0    Dex: 14    Spells: 7/7 levels left

rFire    . . .     SeeInvis .   b - +0 hand axe
rCold    . . .     Gourm    .   (no shield)
rNeg     . . .     Faith    .   a - +2 scale mail
rPois    .         Spirit   .   (no helmet)
rElec    .         Reflect  .   (no cloak)
rCorr    .         Harm     .   (no gloves)
MR       .....                  (no boots)
Stlth    ..........             (no amulet)
HPRegen  0.09/turn              (no ring)
MPRegen  0.10/turn              (no ring)

@: mighty
A: powered by death 1
a: no special abilities


You were on level 2 of the Dungeon.
You were not hungry.

You visited 1 branch of the dungeon, and saw 2 of its levels.

You collected 29 gold pieces.

Inventory:

Hand Weapons
 b - a +0 hand axe (weapon)
Armour
 a - a +2 scale mail (worn)
Jewellery
 n - an uncursed amulet of harm {unknown}
Scrolls
 e - a scroll of fear {unknown}
 i - 2 scrolls of enchant weapon {unknown}
 j - a scroll of blinking {unknown}
 l - a scroll of amnesia {unknown}
Potions
 k - a potion of degeneration {unknown}
 m - a potion of agility {unknown}
Books
 c - Sif Muna's Handbook of Ice

   Spells                             Type                      Level
   a - Throw Frost                    Conjuration/Ice              2
   b - Ensorcelled Hibernation        Hexes/Ice                    2
Comestibles
 d - 2 bread rations
 g - a fruit
 h - 2 royal jellies


   Skills:
 + Level 2.0 Fighting
 + Level 2.4 Armour
   Level 1.0 Shields
 + Level 2.5 Spellcasting
   Level 1.0 Conjurations
   Level 1.7 Fire Magic
   Level 1.0 Evocations


You had 7 spell levels left.
You didn't know any spells.

Dungeon Overview and Level Annotations

Branches:
Dungeon (2/15)

Altars:

Annotations:
D:2 Sigmund


Innate Abilities, Weirdness & Mutations

You regenerate a little health from kills.


Message History

Sigmund hits you with a scythe.
* * * LOW HITPOINT WARNING * * *
You closely miss Sigmund.
Sigmund is lightly wounded.
Sigmund barely misses you.
You slash Sigmund!
Sigmund is heavily wounded.
Sigmund hits you but does no damage.
You closely miss Sigmund.
Sigmund is heavily wounded.
Sigmund hits you but does no damage.
You closely miss Sigmund.
Sigmund is heavily wounded.
You slash Sigmund!
Sigmund is almost dead.
Sigmund points at you and mumbles some strange words.
The magic dart hits you!
* * * LOW HITPOINT WARNING * * *
Sigmund hits you with a scythe!
You die...

#.....+.....'.......#
##.....#....##.......#
.......†###..+........
#######.# #.##........
####.# #.##.#....#.
#.{..# #....#.#....
#.#### ######.#....
#.###########.# .#
#......@@.....#
###############


You could see Sigmund.

Vanquished Creatures
  An adder (D:2)
  An ooze (D:1)
  A dart slug (D:1)
  A giant cockroach (D:1)
  A goblin (D:1)
  5 hobgoblins
  4 jackals (D:1)
  4 bats
  A frilled lizard (D:1)
  2 kobolds (D:1)
  3 rats
24 creatures vanquished.

Notes
Turn   | Place    | Note
-------+----------+-------------------------------------------
     0 | D:1      | Gerstahl the Demonspawn Wanderer began the quest for the Orb.
     0 | D:1      | Gerstahl set off with: a +2 scale mail, a +0 hand axe, Sif Muna's Handbook of Ice, a bread ration
     0 | D:1      | Reached XP level 1. HP: 15/15 MP: 3/3
     0 | D:1      | Identified Sif Muna's Handbook of Ice
   219 | D:1      | Gained mutation: You regenerate a little health from kills. [demonic ancestry]
   219 | D:1      | Reached XP level 2. HP: 10/21 MP: 5/5
   840 | D:2      | Reached XP level 3. HP: 27/27 MP: 6/6
   956 | D:2      | Noticed Sigmund
  1006 | D:2      | Slain by Sigmund

Vault maps used:
D:1:      ncdulo_lavacross
D:2:      first_bread, roderic_serpentine_path, uniq_sigmund

Skill      XL: |  1  2  3 |
---------------+----------+-----
Armour         | 2 |  2.4
Fighting       | 2 |  2.0
Shields        | |  1.0
Spellcasting   | |  2.5
Conjurations   | |  1.0
Fire Magic     | |  1.7
Evocations     | |  1.0

Action                   || total
-------------------------++-------
Melee: Hand axe          ||    93
  Use: Potion            ||     1
Armor: Scale mail        ||    74
Dodge: Dodged            ||    45

Table legend:
 A = Spawn XP
 B = Non-spawn XP
 C = Spawn XP percentage of total XP
 D = Spawn monster count
 E = Non-spawn monster count
 F = Spawn count percentage of total count
 G = Total turns spent on level
                    A         B        C        D         E        F      G
               +---------+---------+-------+---------+---------+-------+---------
         Total |       0 |      58 |   0.0 |       0 |      24 |   0.0 |  1006
               +---------+---------+-------+---------+---------+-------+---------
           D:1 |       0 |      39 |   0.0 |       0 |      19 |   0.0 |   831
           D:2 |       0 |      19 |   0.0 |       0 |       5 |   0.0 |   175
               +---------+---------+-------+---------+---------+-------+---------
